 Dungeon Crawl Stone Soup version 0.23.2-40-g277498a001 (webtiles) character file.

Game seed: 17090542533951079896

1456 MalarOregon the Geomancer (level 8, -2/48 HPs)
             Began as a Gargoyle Earth Elementalist on Aug 27, 2019.
             Slain by a centaur warrior (8 damage)
             ... on level 5 of the Dungeon on Aug 28, 2019.
             The game lasted 00:15:47 (5660 turns).

MalarOregon the Geomancer (GrEE)                    Turns: 5660, Time: 00:15:48

Health: -2/48      AC: 13    Str: 12    XL:     8   Next: 76%
Magic:  6/14       EV: 14    Int: 18    God:
Gold:   199        SH:  0    Dex: 15    Spells: 4/15 levels left

rFire    + . .     SeeInvis .   t - +2 dagger (venom)
rCold    . . .     Gourm    +   (no shield)
rNeg     + . .     Faith    .   d - +0 scale mail
rPois    ∞         Spirit   .   r - +1 helmet
rElec    +         Reflect  .   (no cloak)
rCorr    .         Harm     .   (no gloves)
MR       .....                  (no boots)
Stlth    ++........             A - amulet of the gourmand
HPRegen  0.16/turn              i - ring of protection from fire
MPRegen  0.14/turn              (no ring)

@: agile, very slightly contaminated, hasted, very quick
A: negative energy resistance 1, electricity resistance, unbreathing,
petrification resistance, rot immunity, AC +5
a: no special abilities


You were on level 5 of the Dungeon.
You were hungry.

You visited 1 branch of the dungeon, and saw 5 of its levels.

You collected 199 gold pieces.

Inventory:

Hand Weapons
 o - a +1 mace of holy wrath
   (You found it on level 3 of the Dungeon)
 t - a +2 dagger of venom (weapon)
   (You took it off a big kobold on level 4 of the Dungeon)
Missiles
 b - 80 stones (quivered)
 m - 69 sling bullets
Armour
 d - a +0 scale mail (worn)
   (You took it off a kobold on level 2 of the Dungeon)
 r - a +1 helmet (worn)
   (You took it off Robin on level 3 of the Dungeon)
Jewellery
 g - an uncursed ring of positive energy {unknown}
   (You found it on level 1 of the Dungeon)
 i - a ring of protection from fire (left hand)
   (You found it on level 1 of the Dungeon)
 q - a cursed -3 ring of dexterity {unknown}
   (You found it on level 2 of the Dungeon)
 A - an amulet of the gourmand (around neck)
   (You found it on level 5 of the Dungeon)
Wands
 c - a wand of disintegration (17)
   (You found it on level 4 of the Dungeon)
Scrolls
 j - 5 scrolls of remove curse {@r2}
 n - 2 scrolls of blinking
 y - 2 scrolls of amnesia
Potions
 a - a potion of heal wounds {@q2}
 f - a potion of lignification {!q}
 h - 2 potions of curing {@q1}
 p - a potion of flight
Comestibles
 e - 7 rations {!d}


   Skills:
 + Level 4.6 Fighting
 - Level 1.5 Dodging
 - Level 2.1 Stealth
 + Level 4.3 Spellcasting
 * Level 6.0 Conjurations
 - Level 0.7 Transmutations
 * Level 8.4 Earth Magic


You had 4 spell levels left.
You knew the following spells:

 Your Spells              Type           Power        Failure   Level  Hunger
a - Sandblast             Erth           ####..       2%          1    None
b - Lee's Rapid Deconstr  Erth           ####......   56%         5    ######.
q - Passwall              Tmut/Erth      ###.....     19%         2    ##.....
x - Stone Arrow           Conj/Erth      ####..       12%         3    ###....

Your spell library contained the following spells:

 Spells                   Type           Power        Failure   Level  Hunger
 Petrify                  Tmut/Erth      ###.....     75%         4    ####...


Dungeon Overview and Level Annotations

Branches:
Dungeon (5/15)
 Temple: D:4-7

Altars:
Ashenzari
Okawaru
Sif Muna
Yredelemnul
The Shining One

Annotations:
D:3 1 runed translucent door, Crazy Yiuf
D:4 1 runed translucent door
D:5 1 transporter


Innate Abilities, Weirdness & Mutations

You are resistant to torment.
Your stone body is resilient. (AC +5)
You are immune to poison.
You resist negative energy. (rN+)
You are resistant to electric shocks. (rElec)
You can survive without breathing.
You are immune to petrification.
You are immune to rotting.


Message History

You hit the hippogriff but do no damage.
The hippogriff is poisoned.
The hound closely misses you. The centaur warrior hits you.
* * * LOW HITPOINT WARNING * * *
The worker ant zombie barely misses you.
Your scale mail prevents you from hitting the hippogriff.
The hound bites you but does no damage. The hippogriff bites you.
* * * LOW HITPOINT WARNING * * *
The hippogriff closely misses you.
The hippogriff claws you but does no damage.
The centaur warrior hits you.
* * * LOW HITPOINT WARNING * * *
Aim: a centaur warrior (moderately wounded, poisoned)
You miscast Sandblast.
You are very lightly contaminated with residual magic.
Nothing appears to happen.
The hound bites you but does no damage.
The worker ant zombie bites you but does no damage.
The centaur warrior hits you.
* * * LOW HITPOINT WARNING * * *
The hippogriff bites you.
* * * LOW HITPOINT WARNING * * *
The hippogriff closely misses you. The hippogriff barely misses you.
Aim: a centaur warrior (moderately wounded, poisoned)
The blast of sand hits the centaur warrior.
b - 83 stones The hound bites you but does no damage.
The centaur warrior hits you but does no damage.
The worker ant zombie bites you but does no damage.
Unknown command.
Aim: a centaur warrior (moderately wounded, poisoned)
The blast of sand hits the centaur warrior!
b - 82 stones The hound bites you but does no damage.
The hippogriff barely misses you.
The hippogriff pecks you but does no damage.
The hippogriff barely misses you.
The centaur warrior hits you but does no damage.
Aim: a centaur warrior (severely wounded, poisoned)
The blast of sand hits the centaur warrior.
b - 81 stones The hound bites you.
* * * LOW HITPOINT WARNING * * *
The worker ant zombie misses you. The centaur warrior barely misses you.
The hippogriff bites you but does no damage.
The hippogriff pecks you but does no damage.
The hippogriff claws you but does no damage.
Aim: a centaur warrior (severely wounded, poisoned)
The blast of sand hits the centaur warrior!
b - 80 stones The hound bites you but does no damage.
The centaur warrior hits you!
You die...

...#...##.##'###.##..#........#
...#......#...................#
...#......#...................#
...#.....###......#+#.#########
...#.....##.....©.....##
...#........#########..#
...#.......##8.....8##.#
...#.......#...cHh...#.#
...#.....#.#.##Z@.##.#.#
...#.....#.#.##...##.#.#
...#.....#.#©........#.########
...#.....#.#.##...##.#........#
...#....##.#.##...##.#........#
...#....##.#...!$)!..#........#
...#.....#.##8.___$8##........#
...'.....#..#########..+##....#
...#.<...#......©.....#..#....#


You could see a centaur warrior, a hippogriff, a hound and a worker ant zombie.

Vanquished Creatures
  Sigmund (D:5)
  Eustachio (D:4)
  Menkaure (D:4)
  A sky beast (D:5)
  2 ogres
  A centaur (D:5)
  2 big kobolds (D:4)
  A bullfrog (D:5)
  A jelly (D:5)
  Jessica (D:5)
  Terence (D:3)
  Natasha (D:2)
  2 orc wizards
  2 worker ants (D:5)
  A hound zombie (D:5)
  A worker ant zombie (D:5)
  Robin (D:3)
  4 gnolls (D:2)
  8 adders
  6 worms
  4 dart slugs
  14 orcs
  6 bats
  3 giant cockroaches
  16 goblins
  18 hobgoblins
  11 jackals
  2 quokkas
  3 ball pythons
  5 frilled lizards
  A jackal skeleton (D:4)
  12 kobolds
  A kobold zombie (D:4)
  A quokka zombie (D:3)
  5 rats
141 creatures vanquished.

Notes
Turn   | Place    | Note
-------+----------+-------------------------------------------
     0 | D:1      | MalarOregon the Gargoyle Earth Elementalist began the quest
                  | for the Orb.
     0 | D:1      | Reached XP level 1. HP: 10/10 MP: 3/3
   186 | D:1      | Reached XP level 2. HP: 16/16 MP: 0/5
   202 | D:1      | Reached skill level 4 in Earth Magic
   541 | D:1      | Reached skill level 1 in Fighting
   982 | D:1      | Reached XP level 3. HP: 20/20 MP: 4/6
  1247 | D:2      | Reached XP level 4. HP: 25/25 MP: 4/7
  1252 | D:2      | Learned a level 2 spell: Passwall
  1256 | D:2      | Learned a level 3 spell: Stone Arrow
  1478 | D:2      | Reached skill level 5 in Earth Magic
  1634 | D:2      | Found a shattered altar of Ashenzari.
  1662 | D:2      | Reached skill level 1 in Conjurations
  1832 | D:2      | Noticed Natasha
  1839 | D:2      | Killed Natasha
  1839 | D:2      | Reached XP level 5. HP: 16/30 MP: 4/9
  2196 | D:3      | Noticed Robin
  2200 | D:3      | Killed Robin
  2798 | D:3      | Found a runed translucent door.
  2799 | D:3      | Noticed Crazy Yiuf
  3271 | D:3      | Noticed Terence
  3283 | D:3      | Killed Terence
  3283 | D:3      | Reached XP level 6. HP: 36/36 MP: 10/10
  3885 | D:4      | Reached skill level 6 in Earth Magic
  3983 | D:4      | Found a runed translucent door.
  3983 | D:4      | Noticed a human
  3999 | D:4      | Found a basalt altar of Yredelemnul.
  4056 | D:4      | Reached XP level 7. HP: 40/41 MP: 1/11
  4211 | D:4      | Noticed Menkaure
  4215 | D:4      | Killed Menkaure
  4631 | D:4      | Noticed Eustachio
  4652 | D:4      | Killed Eustachio
  4652 | D:4      | Reached skill level 7 in Earth Magic
  4758 | D:5      | Entered Level 5 of the Dungeon
  4766 | D:5      | Reached XP level 8. HP: 47/48 MP: 13/13
  4775 | D:5      | Learned a level 5 spell: Lee's Rapid Deconstruction
  4855 | D:5      | Found a transporter.
  4857 | D:5      | Noticed a centaur warrior
  4858 | D:5      | Noticed a hippogriff
  4894 | D:5      | Found an iron altar of Okawaru.
  4895 | D:5      | Found a shattered altar of Ashenzari.
  4916 | D:5      | Found a transporter.
  4937 | D:5      | Reached skill level 5 in Conjurations
  5158 | D:5      | Noticed Sigmund
  5173 | D:5      | Killed Sigmund
  5173 | D:5      | Reached skill level 8 in Earth Magic
  5320 | D:5      | Found a glowing golden altar of the Shining One.
  5530 | D:5      | Noticed Jessica
  5536 | D:5      | Killed Jessica
  5540 | D:5      | Found a deep blue altar of Sif Muna.
  5660 | D:5      | Slain by a centaur warrior

Skill      XL: |  1  2  3  4  5  6  7  8 |
---------------+-------------------------+-----
Earth Magic    | 4 5 6 7 8 |  8.4
Fighting       | 1 2 3 4 |  4.6
Conjurations   | 1 2 3 4 6 |  6.0
Spellcasting   | 3 4 |  4.3
Dodging        | |  1.5
Stealth        | |  2.1
Transmutations | |  0.7

Action                   |  1- 3 |  4- 6 |  7- 9 || total
-------------------------+-------+-------+-------++-------
Melee: Unarmed           |    14 |       |       ||    14
       Dagger            |     1 |    21 |    82 ||   104
       Mace              |       |     1 |    11 ||    12
 Fire: Hunting sling     |    10 |    72 |       ||    82
 Cast: Sandblast         |    36 |   115 |    39 ||   190
  Use: Scroll            |       |     5 |     8 ||    13
       Potion            |       |       |     2 ||     2
 Stab: Sleeping          |     1 |       |       ||     1
  Eat: Chunk             |     1 |    10 |     4 ||    15
Armor: Robe              |     6 |     6 |       ||    12
       Scale mail        |       |    20 |    76 ||    96
Dodge: Dodged            |    13 |    25 |    77 ||   115
       Rpst.: Long sword |       |     1 |       ||     1
